 Dungeon Crawl Stone Soup version 0.13-a0-1585-g6f4f798 (webtiles) character file.

562 Koal the Cudgeler (level 6, -1/50 HPs)
             Began as an Ogre Wizard on June 12, 2013.
             Was an Initiate of Ashenzari.
             Slain by an ufetubus (5 damage)
             ... summoned by Eustachio
             ... on Level 4 of the Dungeon.
             The game lasted 00:28:36 (5771 turns).

Koal the Cudgeler (Ogre Wizard)                     Turns: 5771, Time: 00:28:36

HP  -1/50        AC  4     Str 13      XL: 6   Next: 47%
MP  10/16        EV  9     Int 19      God: Ashenzari [......]
Gold 240         SH  0     Dex  8      Spells:  4 memorised,  5 levels left

Res.Fire  : . . .   See Invis. : .   a - +0 mace
Res.Cold  : . . .   Warding    : .   x - +0 orc robe
Life Prot.: . . .   Conserve   : .   (shield restricted)
Res.Poison: .       Res.Corr.  : .   q - +1 wizard hat
Res.Elec. : .       Clarity    : .   (no cloak)
Sust.Abil.: . .     Spirit.Shd : .   (gloves unavailable)
Res.Mut.  : .       Stasis     : .   (boots unavailable)
Res.Rott. : .       Flight     : .   (no amulet)
Saprovore : + . .                    (no ring)
                                     m - +5,+6 ring of slaying

@: slightly resistant to hostile enchantments, unstealthy
A: unfitting armour, fast metabolism 1, saprovore 1, tough skin 1
a: Renounce Religion


You were on level 4 of the Dungeon.
You worshipped Ashenzari.
Ashenzari was noncommittal.
You were not hungry.

You visited 2 branches of the dungeon, and saw 6 of its levels.

You collected 220 gold pieces.

Inventory:

Hand weapons
 a - a +0,+0 mace (weapon)
 b - a +2 blowgun
Missiles
 u - 12 darts of frost (quivered)
 v - 3 poisoned needles
Armour
 q - a +1 wizard hat (worn)
 x - a +0 orcish robe (worn)
Magical devices
 r - a wand of enslavement (11) {unknown}
Comestibles
 d - 2 meat rations
 t - a rotting chunk of orc flesh
 z - a rotting chunk of rat flesh
Scrolls
 e - 3 scrolls of remove curse
 f - a scroll of curse armour
 h - 2 scrolls of blinking
 j - a scroll of fear {unknown}
 n - a scroll of teleportation
 y - a scroll of random uselessness {unknown}
Jewellery
 l - an uncursed ring of sustain abilities {unknown}
 m - a +5,+6 ring of slaying (left hand)
Potions
 i - a potion of flight
 o - 2 potions of invisibility {unknown}
 s - a potion of experience {unknown}
 w - a potion of agility {unknown}
Books
 c - a book of Minor Magic

   Spells                             Type                      Level
   *Magic Dart                        Conjuration                  1
   *Blink                             Translocation                2
   *Call Imp                          Summoning                    2
   Repel Missiles                     Charms/Air                   2
   Slow                               Hexes                        2
   Conjure Flame                      Conjuration/Fire             3
   *Mephitic Cloud                    Conjuration/Poison/Air       3


   Skills:
 + Level 5.0 Maces & Flails
 - Level 1.7 Dodging
 - Level 1.5 Stealth
 - Level 4.0 Spellcasting
 + Level 2.3 Conjurations
 - Level 1.1 Summonings
 - Level 1.1 Translocations
 - Level 1.0 Air Magic
 - Level 1.3 Poison Magic


You had 5 spell levels left.
You knew the following spells:

 Your Spells              Type           Power        Failure   Level  Hunger
a - Magic Dart            Conj           ##..         8%          1    None
b - Call Imp              Summ           #.........   14%         2    #......
c - Blink                 Tloc           N/A          14%         2    #......
d - Mephitic Cloud        Conj/Pois/Air  #.......     21%         3    ###....


Dungeon Overview and Level Annotations

Branches:
Dungeon (5/27)             Temple (1/1) D:4

Altars:
Ashenzari
Cheibriados
Elyvilon
Fedhas
Kikubaaqudgha
Makhleb
Nemelex Xobeh
Okawaru
Trog
Vehumet
Xom
Zin
the Shining One

Shops:
D:4: [

Annotations
D:3 1 exclusion
D:4 Eustachio


Innate Abilities, Weirdness & Mutations

You are too large for most types of armour.
You have a fast metabolism.
You can tolerate rotten meat.
You have tough skin (AC +1).


Message History

The iron imp shouts, "Give up, thou gleeking toot-wallowing malt-worm!"
The ufetubus barely misses you.
The ufetubus hits you but does no damage.
The ufetubus barely misses you. The ufetubus closely misses you.
Eustachio casts a spell.
The white imp disappears for a moment.
The ufetubus barely misses you. The ufetubus hits you.
* * * LOW HITPOINT WARNING * * *
The ufetubus hits you but does no damage.
The ufetubus hits you.
* * * LOW HITPOINT WARNING * * *
The bat hits you.
* * * LOW HITPOINT WARNING * * *
Drink which item? (? for menu, Esc to quit)
You feel better. The bat barely misses you. The ufetubus hits you.
* * * LOW HITPOINT WARNING * * *
The ufetubus hits you but does no damage.
The ufetubus barely misses you. The ufetubus closely misses you.
The ufetubus closely misses you. The ufetubus hits you.
You die...

......#.............##>.#........
...................#..#.....#....
.....#.....................#.###.
..#...#.##............#..###.##..
#########≈≈≈≈...5.≈≈≈≈#### ###...
##≈≈≈..r.r≈≈≈## #...
##≈≈..@r.≈b## #... ##≈..555≈##
#... ###..@.## #... #.....# ##..
#....## #... #.#...# #... ##...##
###. ##..#.# #.. #.#.#.# ##..
##..### #... #.##..# ##..


You could see Eustachio, an iron imp, a white imp, 2 ufetubi, a grey rat, 2
quokkas and a bat.

Vanquished Creatures
  2 orc priests
  An iron imp (D:4)
  An orc wizard (D:4)
  A worker ant (D:4)
  2 scorpions (D:4)
  4 adders
  A giant mite (D:4)
  A white imp (D:4)
  A worm (D:3)
  A grey rat (D:5)
  A bat zombie (D:5)
  3 giant geckos
  8 orcs
  A ball python (D:3)
  3 giant cockroaches
  7 goblins
  4 hobgoblins
  3 quokkas
  9 bats
  3 giant newts
  A hobgoblin zombie (D:4)
  6 jackals (D:3)
  4 kobolds
  13 rats
  A butterfly (D:4)
82 creatures vanquished.

Vanquished Creatures (collateral kills)
  An orc wizard (D:3)
  An adder (D:3)
  2 hobgoblins
  A kobold (D:1)
5 creatures vanquished.

Grand Total: 87 creatures vanquished

Notes
Turn   | Place    | Note
--------------------------------------------------------------
     0 | D:1      | Koal, the Ogre Wizard, began the quest for the Orb.
     0 | D:1      | Reached XP level 1. HP: 14/14 MP: 5/5
   117 | D:1      | Reached skill level 1 in Conjurations
   242 | D:1      | Reached XP level 2. HP: 22/22 MP: 7/7
   246 | D:1      | Learned a level 2 spell: Call Imp
   249 | D:1      | Learned a level 2 spell: Blink
  1260 | D:2      | Reached skill level 1 in Maces & Flails
  1461 | D:2      | Reached XP level 3. HP: 28/28 MP: 6/9
  1725 | D:3      | Reached skill level 1 in Translocations
  2000 | D:3      | Reached skill level 4 in Spellcasting
  2177 | D:3      | Reached skill level 1 in Summonings
  2272 | D:3      | Reached XP level 4. HP: 14/36 MP: 6/12
  3862 | D:3      | Reached XP level 5. HP: 10/42 MP: 12/14
  3867 | D:3      | Learned a level 3 spell: Mephitic Cloud
  4390 | D:4      | Found a staircase to the Ecumenical Temple.
  4400 | Temple   | Entered the Ecumenical Temple
  4617 | Temple   | Became a worshipper of Ashenzari the Shackled
  4691 | D:4      | Found a blossoming altar of Fedhas.
  5204 | D:4      | Reached skill level 1 in Air Magic
  5204 | D:4      | Reached XP level 6. HP: 50/50 MP: 14/16
  5212 | D:4      | Reached skill level 1 in Poison Magic
  5279 | D:4      | Found Plailaq's Antique Armour Shoppe.
  5380 | D:4      | Reached skill level 5 in Maces & Flails
  5547 | D:5      | Entered Level 5 of the Dungeon
  5547 | D:5      | Noticed Eustachio
  5770 | D:4      | HP: 2/50 [bat[Eustachio] (1)]
  5771 | D:4      | Slain by an ufetubus

Action                   |  1- 3 |  4- 6 || total
-------------------------+-------+-------++-------
Melee: Spear             |    16 |       ||    16
       Mace              |    26 |   111 ||   137
       Club              |     5 |       ||     5
 Fire: Blowgun           |       |    30 ||    30
Throw: Dart              |     5 |     8 ||    13
 Cast: Magic Dart        |    59 |    62 ||   121
       Call Imp          |     4 |     9 ||    13
       Mephitic Cloud    |       |     2 ||     2
       Blink             |       |     1 ||     1
  Use: Potion            |       |     3 ||     3
       Scroll            |       |     6 ||     6
 Stab: Distracted        |     1 |       ||     1
       Sleeping          |       |     1 ||     1
       Confused          |       |     1 ||     1
